 Dungeon Crawl Stone Soup version 0.25-a0-558-g78a2afb0af (webtiles) character file.

Game seed: 14701945871839389302, levelgen mode: deterministic

3016 Flugslaktarn the Cleaver (level 9, -10/118 HPs)
             Began as a Minotaur Fighter on Feb 24, 2020.
             Was an Elder of Makhleb.
             Mangled by a death yak (15 damage)
             ... on level 7 of the Dungeon.
             The game lasted 00:03:14 (5488 turns).

Flugslaktarn the Cleaver (Minotaur Fighter)         Turns: 5488, Time: 00:03:15

Health: -10/118    AC: 13    Str: 23    XL:     9   Next: 55%
Magic:  4/4        EV:  8    Int:  5    God:    Makhleb [****..]
Gold:   334        SH: 11    Dex: 16    Spells: 8/8 levels left

rFire    . . .     SeeInvis .   v - +5 war axe (antimagic)
rCold    . . .     Gourm    .   c - +0 kite shield
rNeg     . . .     Faith    .   F - +4 scale mail of Dawn {MR+}
rPois    .         Spirit   .   (helmet restricted)
rElec    .         Reflect  .   b - +0 cloak
rCorr    .         Harm     .   (no gloves)
MR       +....                  (no boots)
Stlth    ..........             i - amulet of rage
HPRegen  0.29/turn              h - +5 ring of dexterity
MPRegen  0.09/turn              (no ring)

@: berserking, very quick
A: retaliatory headbutt, horns 2
a: Minor Destruction, Lesser Servant of Makhleb, Major Destruction, Renounce
Religion, Evoke Berserk Rage


You were on level 7 of the Dungeon.
You worshipped Makhleb.
Makhleb was greatly pleased with you.
You were very hungry.

You visited 1 branch of the dungeon, and saw 8 of its levels.

You collected 334 gold pieces.

Inventory:

Hand Weapons
 v - a +5 antimagic war axe (weapon)
   (You took it off Blork the orc on level 4 of the Dungeon)
Armour
 b - a +0 cloak (worn)
   (You found it on level 3 of the Dungeon)
 c - a +0 kite shield (worn)
 n - a +0 chain mail
   (You took it off an orc on level 3 of the Dungeon)
 A - a scarf of cloud immunity
   (You found it on level 6 of the Dungeon)
 F - the +4 scale mail of Dawn (worn) {MR+}
   (You found it on level 8 of the Dungeon)

   It affects your resistance to hostile enchantments.
   If you remove this armour, your AC will decrease by 12 (13 -> 1).
Jewellery
 h - a +5 ring of dexterity (left hand)
   (You found it on level 1 of the Dungeon)
 i - an amulet of rage (around neck)
   (You found it on level 1 of the Dungeon)
 u - an uncursed ring of fire
   (You found it on level 4 of the Dungeon)
 y - an uncursed amulet of faith {unknown}
   (You found it on level 5 of the Dungeon)
 C - an uncursed amulet of regeneration {unknown}
   (You found it on level 7 of the Dungeon)
 E - a +3 ring of evasion {unknown}
   (You found it on level 7 of the Dungeon)
Scrolls
 f - a scroll of blinking {unknown}
 j - 11 scrolls of identify {unknown}
 o - 2 scrolls of remove curse {unknown}
 p - 2 scrolls of fear {unknown}
 q - a scroll of amnesia {unknown}
 t - 2 scrolls of enchant weapon {unknown}
 w - 3 scrolls of fog {unknown}
 x - a scroll of immolation {unknown}
Potions
 a - 2 potions of flight {unknown}
 d - 2 potions of might
 g - 2 potions of haste {unknown}
 k - 2 potions of lignification {unknown}
 l - 2 potions of brilliance {unknown}
 m - 4 potions of curing {unknown}
 r - 2 potions of degeneration {unknown}
 s - a potion of invisibility {unknown}
 B - a potion of resistance {unknown}
 D - a potion of stabbing {unknown}
Comestibles
 e - 10 rations
 z - 8 chunks of flesh


   Skills:
 + Level 7.0 Fighting
 * Level 9.0 Axes
 + Level 7.1 Armour
 + Level 7.1 Shields
 * Level 6.8 Invocations


You had 8 spell levels left.
You didn't know any spells.
Your spell library was empty.

Dungeon Overview and Level Annotations

Branches:
Dungeon (8/15)             Temple (0/1) D:7
   Lair: D:8-11

Altars:
Kikubaaqudgha
Makhleb
Okawaru
Wu Jian


Innate Abilities, Weirdness & Mutations

You reflexively headbutt those who attack you in melee.
You have a pair of horns on your head.


Message History

You see here 15 stones.
You fail to use your ability.
The death yak gores you!!
* * * LOW HITPOINT WARNING * * *
A red film seems to cover your vision as you go berserk!
You feel yourself moving faster!
You feel mighty!
You are feeling very hungry.
The death yak gores you!
* * * LOW HITPOINT WARNING * * *
Unknown command.
You barely miss the death yak.
The death yak gores you but does no damage.
You slice the death yak!!
The death yak is moderately wounded.
You block the death yak's attack.
You hit the death yak but do no damage.
The death yak is moderately wounded.
You slice the death yak!!
The death yak is severely wounded.
The death yak gores you!
You die...

.###########.##### #.##.##..## .#
#.....# #.##.##..# .# #####.#
#.##.....# .########### #.#
#.##..##.# (..........# #.#
#.##..##.# .#....####.# #.#
#.##.)##.## .#.##.# #.# #.#
#....)...#. .#.##.####.#####Y##
####.)####.
.#.##...........@.########..####.
.#.##......................<.....
.#.##.####.####...######.##.####.
.#.##.# #.# ###.# ##)).#.# #.
......####.# #.####......####.
...........# #.......(........
##.##############.####.....#.####
......# #..............##.#
##.##.# #.####.##########.#


You could see a death yak.

Vanquished Creatures
  Grinder (D:6)
  A wyvern (D:8)
  2 orc warriors
  A necrophage (D:6)
  2 ice beasts (D:6)
  4 phantoms
  2 ogres
  A centaur (D:5)
  A big kobold (D:7)
  Blork the orc (D:4)
  2 bullfrogs
  2 gnoll sergeants
  2 scorpions
  A howler monkey (D:7)
  A bullfrog zombie (D:7)
  3 crimson imps (D:7)
  A hound (D:4)
  7 orc wizards
  2 orc priests
  2 bullfrog skeletons
  2 jellies
  Terence (D:3)
  6 worker ants
  A hound zombie (D:5)
  2 howler monkey zombies
  11 gnolls
  9 adders
  2 shadow imps
  An adder skeleton (D:6)
  3 worms
  A dart slug (D:3)
  5 leopard geckos
  32 orcs
  6 bats
  9 giant cockroaches
  3 goblins (D:3)
  11 hobgoblins
  20 jackals
  2 quokkas
  2 frilled lizards
  5 kobolds
  2 leopard gecko skeletons
  7 rats
182 creatures vanquished.

Vanquished Creatures (others)
  A gnoll (D:8)
1 creature vanquished.

Grand Total: 183 creatures vanquished

Notes
Turn   | Place    | Note
-------+----------+-------------------------------------------
     0 | D:1      | Flugslaktarn the Minotaur Fighter began the quest for the
                  | Orb.
     0 | D:1      | Reached XP level 1. HP: 19/19 MP: 0/0
   208 | D:2      | Reached XP level 2. HP: 27/27 MP: 1/1
   292 | D:2      | Found an ancient bone altar of Kikubaaqudgha.
   292 | D:2      | Found a burning altar of Makhleb.
   293 | D:2      | Found an iron altar of Okawaru.
   332 | D:2      | Found an ornate altar of the Wu Jian Council.
   365 | D:2      | Reached skill level 3 in Axes
   390 | D:2      | Became a worshipper of Makhleb the Destroyer
   458 | D:2      | Reached XP level 3. HP: 32/33 MP: 2/2
   531 | D:2      | Reached skill level 1 in Invocations
   744 | D:3      | Reached * piety under Makhleb
   744 | D:3      | Reached XP level 4. HP: 40/40 MP: 3/3
   818 | D:3      | Reached skill level 4 in Axes
  1022 | D:3      | Reached XP level 5. HP: 29/46 MP: 5/5
  1883 | D:3      | Noticed Terence
  1893 | D:3      | Killed Terence
  2125 | D:4      | Reached XP level 6. HP: 53/53 MP: 6/6
  2280 | D:4      | Reached ** piety under Makhleb
  2280 | D:4      | Reached skill level 5 in Axes
  2359 | D:4      | Reached skill level 5 in Shields
  2443 | D:4      | Noticed Blork the orc
  2454 | D:4      | Killed Blork the orc
  2454 | D:4      | Reached skill level 5 in Armour
  2454 | D:4      | Reached XP level 7. HP: 35/60 MP: 0/8
  2652 | D:4      | Reached skill level 5 in Fighting
  2960 | D:5      | Entered Level 5 of the Dungeon
  3002 | D:5      | Reached skill level 6 in Axes
  3372 | D:5      | Reached XP level 8. HP: 57/69 MP: 3/10
  3765 | D:6      | Reached skill level 7 in Axes
  3853 | D:6      | Reached *** piety under Makhleb
  3867 | D:6      | Noticed Grinder
  3882 | D:6      | Killed Grinder
  3882 | D:6      | Reached skill level 5 in Invocations
  4393 | D:7      | Reached skill level 8 in Axes
  4396 | D:7      | Reached XP level 9. HP: 78/78 MP: 4/12
  4774 | D:7      | Found a staircase to the Ecumenical Temple.
  5257 | D:8      | Reached **** piety under Makhleb
  5276 | D:8      | Got a heavily runed scale mail
  5287 | D:8      | Identified the +4 scale mail of Dawn {MR+} (You found it on
                  | level 8 of the Dungeon)
  5338 | D:8      | Reached skill level 9 in Axes
  5379 | D:8      | Noticed a death yak
  5380 | D:8      | Noticed a death yak
  5383 | D:8      | Noticed a death yak
  5386 | D:8      | Noticed a death yak
  5484 | D:7      | HP: 4/118 [death yak (8)]
  5488 | D:7      | Mangled by a death yak

Levels and vault maps discovered:
D:1:      roderic_chinese_lattice_arrival, layout_rooms, hex_large,
          minmay_indecisive_spiral
D:2:      layout_basic, nicolae_overflow_quartered_altars
D:3:      layout_basic, uniq_terence
D:4:      layout_basic, kennysheep_generic_room_12, uniq_blork_the_orc
D:5:      layout_loops_ring, first_ration, uniq_crazy_yiuf_cottage
D:6:      layout_loops_ring, uniq_grinder
D:7:      layout_loops_ring, minmay_temple_entry_antechambers,
          minmay_manual_macuahuitl
D:8:      layout_cave_pools, dpeg_lair_monsters, serial_gnoll_camp,
          gnoll_camp_huts_moat, gnoll_camp_mini_doghouse, gnoll_camp_mini_hut,
          gnoll_camp_mini_hut, grunt_pizzeria

Skill      XL: |  1  2  3  4  5  6  7  8  9 |
---------------+----------------------------+-----
Axes           | 3 4 5 6 8 9 |  9.0
Shields        | 4 5 6 7 |  7.1
Fighting       | 4 5 6 7 |  7.0
Armour         | 4 5 6 7 |  7.1
Invocations    | 1 2 3 4 5 6 |  6.8

Action                   |  1- 3 |  4- 6 |  7- 9 || total
-------------------------+-------+-------+-------++-------
Melee: War axe           |    71 |   138 |   231 ||   440
       Headbutt          |    11 |    33 |    50 ||    94
 Abil: Evoke Berserk Rag |       |       |     1 ||     1
  Eat: Chunk             |       |     5 |    10 ||    15
Armor: Scale mail        |    29 |    18 |     5 ||    52
       Chain mail        |       |    53 |    71 ||   124
Dodge: Dodged            |    29 |    36 |    43 ||   108
Block: Kite shield       |    37 |    73 |   135 ||   245

Table legend:
 A = Non-vault XP
 B = Vault XP
 C = Vault XP percentage of total XP
 D = Non-vault monster count
 E = Vault monster count
 F = Vault count percentage of total count
                 A         B        C        D         E       F
            +---------+---------+-------+---------+---------+-------
      Total |    3548 |     761 |  17.7 |     171 |      11 |   6.0
            +---------+---------+-------+---------+---------+-------
        D:1 |       8 |       0 |   0.0 |       5 |       0 |   0.0
        D:2 |      74 |       0 |   0.0 |      22 |       0 |   0.0
        D:3 |     236 |      36 |  13.2 |      39 |       1 |   2.5
        D:4 |     445 |     137 |  23.5 |      27 |       3 |  10.0
        D:5 |     588 |       0 |   0.0 |      16 |       0 |   0.0
        D:6 |     772 |     267 |  25.7 |      20 |       1 |   4.8
        D:7 |    1073 |     201 |  15.8 |      36 |       3 |   7.7
        D:8 |     352 |     120 |  25.4 |       6 |       3 |  33.3
            +---------+---------+-------+---------+---------+-------
